Map: Terraformation EC (Void)

Players

zuka - Winner!

  • Race: Protoss Protoss
  • League: Diamond

Monument

  • Race: Protoss Protoss
  • League: Platinum

VOD

Have the link to the VOD?

Description

Time

  • Played on: Aug. 12, 2015, 3:34 a.m.
  • Length: 11:00
Show
View Real Time Build Order
Export as new Build Order

zuka Protoss - Winner!

Build Orders: Dark Templar Rush 

Get SALT Encoding   

  12  0:08  Pylon  
  12  0:13  Probe  
  13  0:27  Gateway  
  13  0:30  Probe (Chrono Boost)  
  14  0:41  Probe (Chrono Boost)  
  15  0:46  Assimilator  
  15  0:48  Probe (Chrono Boost)  
  16  0:59  Probe  
  16  1:02  Gateway  
  17  1:11  Probe  
  17  1:16  Cybernetics Core  
  18  1:23  Probe  
  19  1:28  Pylon  
  19  1:35  Assimilator  
  19  1:36  Probe  
  20  1:48  Probe  
  20  1:53  Adept (Chrono Boost)  
  23  1:55  Adept (Chrono Boost)  
  23  1:56  Warp Gate (Chrono Boost)  
  25  2:02  Probe  
  26  2:12  Pylon  
  26  2:14  Probe  
  27  2:26  Mothership Core  
  29  2:31  Gateway  
  29  2:43  Twilight Council  
  29  2:47  Probe  
  32  2:59  Probe  
  32  3:03  Robotics Facility  
  31  3:11  Probe  
  32  3:19  Pylon  
  32  3:34  Pylon  
  32  3:38  Dark Shrine  
  32  3:39  Probe  
  33  3:50  Observer (Chrono Boost)  
  34  4:00  Nexus  
  34  4:07  Adept  
  36  4:12  Probe (Chrono Boost)  
  37  4:20  Pylon  
  37  4:22  Probe (Chrono Boost)  
  37  4:24  Assimilator  
  38  4:26  Assimilator  
  38  4:29  Probe (Chrono Boost)  
  38  4:38  Probe (Chrono Boost)  
  39  4:46  Probe (Chrono Boost)  
  39  4:51  Dark Templar  
  39  4:52  Dark Templar  
  44  4:58  Probe (Chrono Boost)  
  46  5:07  Probe (Chrono Boost)  
  46  5:15  Probe (Chrono Boost)  
  46  5:18  Probe (Chrono Boost)  
  48  5:21  Adept  
  48  5:27  Probe (Chrono Boost)  
  52  5:30  Probe (Chrono Boost)  
  52  5:33  Probe (Chrono Boost)  
  53  5:38  Probe  
  54  5:44  Forge  
  54  5:45  Pylon  
  54  5:46  Probe (Chrono Boost)  
  55  5:51  Probe (Chrono Boost)  
  57  5:59  Pylon  
  57  6:01  Immortal (Chrono Boost), Probe x2 (Chrono Boost)  
  62  6:08  Probe  
  63  6:12  Probe  
  63  6:16  Pylon  
  64  6:18  Pylon  
  64  6:20  Probe, Forge  
  64  6:24  Probe  
  66  6:31  Adept x3  
  72  6:41  Protoss Ground Weapons Level 1 (Chrono Boost)  
  72  6:42  Robotics Bay  
  72  6:45  Pylon  
  72  6:53  Adept x2  
  76  6:55  Pylon  
  76  6:58  Protoss Ground Armor Level 1 (Chrono Boost)  
  75  7:11  Adept  
  75  7:12  Shield Upgrade  
  77  7:18  Adept  
  77  7:19  Adept  
  77  7:22  Observer (Chrono Boost)  
  82  7:39  Probe  
  86  7:47  Gateway  
  86  7:48  Disruptor (Chrono Boost)  
  86  7:49  Gateway  
  83  7:59  Probe x2  
  85  8:11  Probe x2, Nexus  
  87  8:17  Gateway  
  90  8:20  Pylon x2  
  90  8:21  Pylon  
  90  8:22  Gateway, Disruptor (Chrono Boost)  
  90  8:23  Adept x3  
  90  8:24  Gateway  
  96  8:31  Pylon  
  96  8:34  Pylon  
  96  8:36  Pylon  
  96  8:44  Protoss Ground Weapons Level 2 (Chrono Boost)  
  96  8:48  Dark Shrine  
  96  8:49  Pylon  
  96  8:53  Observer (Chrono Boost)  
  96  8:55  Pylon  
  97  8:57  Photon Cannon  
  97  8:59  Gateway  
  94  9:04  Probe x2  
  95  9:16  Probe x2  
  97  9:17  Pylon  
  97  9:23  Immortal (Chrono Boost)  
  101  9:25  Probe  
  101  9:28  Probe x2  
  104  9:33  Assimilator  
  104  9:37  Probe  
  105  9:39  Assimilator  
  105  9:40  Probe x2  
  105  9:45  Photon Cannon  
  107  9:51  Disruptor x2  
  109  9:53  Adept  
  109  9:55  Adept x2, Warp Prism (Chrono Boost)  
  115  10:07  Probe x2  
  115  10:08  Adept x2  
  115  10:09  Adept x2  
  125  10:18  Disruptor x2  
  125  10:46  Adept x4  
  125  10:47  Adept x4  
Show
View Real Time Build Order
Export as new Build Order

Monument Protoss 

Build Orders: Dark Templar Rush 

Get SALT Encoding   

  12  0:01  Probe  
  13  0:14  Pylon  
  13  0:19  Probe  
  14  0:32  Probe (Chrono Boost)  
  15  0:37  Gateway  
  15  0:42  Probe (Chrono Boost)  
  16  0:49  Probe  
  17  0:51  Assimilator  
  17  1:01  Probe (Chrono Boost), Pylon  
  19  1:12  Probe (Chrono Boost)  
  19  1:18  Probe (Chrono Boost)  
  19  1:19  Assimilator  
  20  1:27  Cybernetics Core  
  20  1:30  Probe  
  21  1:40  Gateway  
  21  1:42  Probe (Chrono Boost)  
  22  1:52  Probe (Chrono Boost)  
  23  1:59  Probe  
  24  2:04  Twilight Council  
  24  2:10  Stalker (Chrono Boost)  
  26  2:19  Pylon  
  26  2:25  Mothership Core  
  28  2:31  Warp Gate (Chrono Boost)  
  28  2:50  Forge  
  28  2:56  Dark Shrine  
  29  2:58  Probe  
  29  3:13  Pylon  
  29  3:14  Probe  
  30  3:29  Pylon  
  30  3:45  Probe  
  30  3:48  Photon Cannon  
  31  3:50  Nexus  
  31  3:56  Gateway  
  31  4:15  Dark Templar x2  
  35  4:20  Probe  
  36  4:26  Robotics Facility  
  34  4:43  Pylon  
  34  4:50  Gateway  
  34  4:51  Gateway  
  34  4:56  Protoss Ground Weapons Level 1  
  34  5:16  Pylon  
  34  5:17  Photon Cannon  
  34  5:18  Probe  
  35  5:25  Robotics Facility  
  35  5:30  Probe  
  35  5:35  Photon Cannon  
  36  5:42  Probe (Chrono Boost)  
  37  5:47  Pylon  
  37  5:49  Photon Cannon  
  37  5:54  Probe (Chrono Boost), Charge  
  38  6:03  Probe (Chrono Boost)  
  39  6:11  Probe  
  39  6:15  Robotics Facility  
  39  6:17  Pylon  
  40  6:23  Probe, Photon Cannon  
  41  6:28  Probe  
  42  6:32  Pylon  
  42  6:38  Templar Archives  
  42  6:39  Probe  
  43  6:41  Pylon  
  43  6:48  Gateway  
  43  6:50  Gateway  
  43  6:54  Gateway  
  43  6:57  Protoss Ground Weapons Level 2 (Chrono Boost)  
  43  7:01  Gateway  
  43  7:03  Observer (Chrono Boost)  
  44  7:13  Pylon  
  44  7:14  Zealot x2  
  48  7:20  Zealot  
  50  7:28  Probe  
  51  7:36  Nexus  
  51  7:44  Zealot  
  51  7:45  Zealot  
  55  7:55  Dark Templar  
  57  8:05  Dark Templar  
  59  8:27  Probe  
  59  8:33  Assimilator  
  60  8:34  Assimilator  
  60  8:36  Photon Cannon  
  60  8:40  Probe (Chrono Boost)  
  61  8:48  Probe (Chrono Boost)  
  62  8:52  Probe (Chrono Boost)  
  63  8:57  Probe (Chrono Boost)  
  63  8:59  Probe (Chrono Boost)  
  65  9:11  Probe, Zealot  
  65  9:12  Zealot x2  
  65  9:13  High Templar  
  65  9:15  High Templar  
  74  9:19  Archon  
  74  9:31  Nexus  
  74  9:38  Pylon  
  74  9:45  High Templar  
  76  9:57  Assimilator  
  76  10:00  Assimilator  
  76  10:01  High Templar  
  76  10:04  Photon Cannon x2  
  76  10:05  Archon  
  78  10:08  Zealot  
  78  10:13  Zealot  
  78  10:14  Zealot  
  82  10:31  Zealot x2, High Templar x2  
  90  10:37  Archon  
  90  10:40  Zealot x2  
  93  10:46  Zealot  
  95  10:54  Zealot x2  
Tags
 
Add a new tag
Caveats
  • Supply blocks, unpowered buildings, or Contaminate may cause inaccurate times.
  • Supply counts are checked every 10 seconds.